 Dungeon Sprint DCSS version 0.27-a0-203-gd48b2df3c9 (webtiles) character file.

Game seed: 18013690924055990379

93 mhtbhm the Insei (level 4, 0/33 HPs)
             Began as a Merfolk Transmuter on Jan 30, 2021.
             Was an Initiate of Sif Muna.
             Slain by an unseen horror (7 damage)
             ... in the Dungeon (Sprint IX: "|||||||||||||||||||||||||||||").
             The game lasted 00:01:17 (778 turns).

mhtbhm the Insei (Merfolk Transmuter)                Turns: 778, Time: 00:01:18

Health: 0/33       AC:  2    Str: 11    XL:     4   Next: 62%
Magic:  2/9        EV: 26    Int: 12    God:    Sif Muna [......]
Gold:   0          SH:  0    Dex: 25    Spells: 4/10 levels left

rFire    . . .     SeeInvis .     - Unarmed
rCold    . . .     Faith    .   (shield currently unavailable)
rNeg     . . .     Spirit   .   (armour currently unavailable)
rPois    x         Reflect  .   (helmet currently unavailable)
rElec    .         Harm     .   (cloak currently unavailable)
rCorr    .         Rampage  .   (gloves currently unavailable)
Will     .....     NoTele   +   (boots currently unavailable)
Stlth    ++........             (no amulet)
HPRegen  0.11/turn              m - +3 ring of dexterity
MPRegen  0.11/turn              n - +3 ring of dexterity

@: spider-form (expiring), wereblooded
A: tiny, (change form in water), (swift swim), (stealthy swim)
a: End Transformation, Renounce Religion


You were in the Dungeon.
You worshipped Sif Muna.
Sif Muna was noncommittal.
You were a venomous arachnid creature.
You visited 1 branch

Inventory:

Armour
 a - a +0 robe (melded)
 k - a +0 pair of gloves (melded)
 l - a +0 helmet (melded)
Jewellery
 m - a +3 ring of dexterity (left front leg)
 n - a +3 ring of dexterity (right front leg)
Wands
 j - a wand of acid (8)
Scrolls
 g - 3 scrolls of remove curse
 h - 2 scrolls of blinking
 i - 2 scrolls of amnesia
Potions
 b - a potion of invisibility
 c - 2 potions of heal wounds
 d - 4 potions of curing
 e - a potion of haste
 f - 4 potions of magic


   Skills:
 + Level 2.0 Fighting
 + Level 5.6 Dodging
 + Level 1.2 Stealth
 + Level 7.0 Unarmed Combat
 + Level 3.8 Spellcasting
 + Level 4.9 Transmutations


You had 4 spell levels left.
You knew the following spells:

 Your Spells              Type           Power        Failure   Level
a - Beastly Appendage     Tmut           28%          11%         1
b - Wereblood             Tmut           14%          14%         2
c - Spider Form           Tmut/Pois      4%           45%         3

Your spell library contained the following spells:

 Spells                   Type           Power        Failure   Level
 Ice Form                 Ice/Tmut       8%           82%         4
 Blade Hands              Tmut           7%           82%         5


Dungeon Overview and Level Annotations

Branches:
Dungeon (1/1)

Altars:
Cheibriados
Dithmenos
Elyvilon
Fedhas
Gozag
Hepliaklqana
Kikubaaqudgha
Makhleb
Nemelex Xobeh
Okawaru
Qazlal
Ru
Sif Muna
Trog
Uskayaw
Vehumet
Wu Jian
Xom
Yredelemnul
Zin
The Shining One
Beogh
Jiyva
Lugonu


Message History

You bite something! Something barely misses you. Something hits you.
Unknown command.
Evoke which item? (* to show all) (? for menu, Esc to quit)
Aiming: Corrosive Bolt
Press: ? - help, Shift-Dir - straight line, f - sky beast
Aim: a sky beast (severely wounded, covered in acid, 40% to evade)
The bolt of acid misses the sky beast.
The bolt of acid hits the centaur!
The centaur is splashed with acid.
You kill the centaur!
Sif Muna accepts your kill.
The bolt of acid hits the black bear!
The black bear is splashed with acid.
The acid corrodes the black bear!
The black bear is severely wounded.
The bolt of acid hits the orc warrior!
The orc warrior is splashed with acid.
The acid corrodes the orc warrior!
The orc warrior is heavily wounded.
Something hits you!
* * * LOW HITPOINT WARNING * * *
Something hits you!
You die...

▓.▓
▓)▓
▓.▓
▓.▓
▓.▓
▓[▓
▓.▓
▓.▓
▓s▓
▓{▓
▓Y▓
▓)▓
▓h▓
▓o▓
▓.▓
▓+▓


You could see an orc warrior (corroded), a black bear (corroded) and a sky beast
(corroded).

Vanquished Creatures
  A centaur (D)
  A scorpion (D)
  An iguana (D)
  An ufetubus (D)
  An adder zombie (D)
  An orc (D)
  A bat (D)
  A hobgoblin (D)
  A jackal (D)
  A quokka (D)
  A frilled lizard (D)
  A rat (D)
12 creatures vanquished.

Notes
Turn   | Place    | Note
-------+----------+-------------------------------------------
     0 | D        | mhtbhm the Merfolk Transmuter began the quest for the Orb.
     0 | D        | Reached XP level 1. HP: 15/15 MP: 3/3
    15 | D        | Reached skill level 4 in Unarmed Combat
   425 | D        | Noticed an iguana
   434 | D        | Killed an iguana
   435 | D        | Reached skill level 5 in Unarmed Combat
   435 | D        | Reached XP level 2. HP: 5/21 MP: 3/6
   435 | D        | Reached XP level 3. HP: 7/26 MP: 3/7
   450 | D        | Found a roughly hewn altar of Beogh.
   450 | D        | Found a snail-covered altar of Cheibriados.
   450 | D        | Found a shadowy altar of Dithmenos.
   450 | D        | Found a white marble altar of Elyvilon.
   450 | D        | Found a blossoming altar of Fedhas.
   450 | D        | Found an opulent altar of Gozag.
   451 | D        | Found a hazy altar of Hepliaklqana.
   452 | D        | Found a viscous altar of Jiyva.
   453 | D        | Found an ancient bone altar of Kikubaaqudgha.
   454 | D        | Found a corrupted altar of Lugonu.
   455 | D        | Found a burning altar of Makhleb.
   456 | D        | Found a sparkling altar of Nemelex Xobeh.
   457 | D        | Found an iron altar of Okawaru.
   458 | D        | Found a stormy altar of Qazlal.
   459 | D        | Found a sacrificial altar of Ru.
   460 | D        | Found a shimmering blue altar of Sif Muna.
   461 | D        | Found a bloodstained altar of Trog.
   462 | D        | Found a hide-covered altar of Uskayaw.
   463 | D        | Found a radiant altar of Vehumet.
   464 | D        | Found an ornate altar of the Wu Jian Council.
   465 | D        | Found a shimmering altar of Xom.
   466 | D        | Found a basalt altar of Yredelemnul.
   467 | D        | Found a glowing silver altar of Zin.
   468 | D        | Became a worshipper of Sif Muna the Loreminder
   723 | D        | Found a glowing golden altar of the Shining One.
   766 | D        | Learned a level 2 spell: Wereblood
   770 | D        | Learned a level 3 spell: Spider Form
   772 | D        | Noticed a scorpion
   772 | D        | Noticed a sky beast
   772 | D        | Noticed a centaur
   772 | D        | Noticed a black bear
   772 | D        | Noticed an orc warrior
   775 | D        | Killed a scorpion
   776 | D        | Reached skill level 5 in Dodging
   776 | D        | Reached skill level 1 in Stealth
   776 | D        | Reached skill level 7 in Unarmed Combat
   776 | D        | Reached XP level 4. HP: 33/33 MP: 2/9
   778 | D        | Killed a centaur
   778 | D        | Slain by an unseen horror

Illustrated notes

Levels and vault maps discovered:
D:        linesprint [early_d, line_temple, items_1, d_10, items_2, lair_1,
          lair_end, items_3, orc_1, orc_end, items_4, d_15, swamp_1, shoals_1,
          snake_1, spider_1, d_20, vaults_1, items_5, swamp_end, shoals_end,
          snake_end, spider_end, vaults_end, d_27, items_6, zot_1, zot_end,
          crypt_end, forest_end, elf_end, slime_end, tomb_end, abyss_end,
          pan_hell_end]

Skill      XL: |  1  2  3 |
---------------+----------+-----
Dodging        | 4 5 |  5.6
Unarmed Combat | 5 7 |  7.0
Transmutations | 3 4 |  4.9
Spellcasting   | 3 |  3.8
Fighting       | 2 |  2.0
Stealth        | 1 |  1.2

Action                   |  1- 3 |  4- 6 || total
-------------------------+-------+-------++-------
Melee: Unarmed           |    35 |     1 ||    36
       Headbutt          |     6 |       ||     6
 Cast: Beastly Appendage |     2 |       ||     2
       Spider Form       |     1 |       ||     1
       Wereblood         |     1 |       ||     1
Evoke: Wand              |     1 |     1 ||     2
  Use: Potion            |     3 |       ||     3
Armor: Robe              |     1 |       ||     1
Dodge: Dodged            |    19 |     1 ||    20

Table legend: (Time is in decaauts)
 A = Elapsed time spent in this place.
 B = Non-inter-level travel time spent in this place.
 C = Inter-level travel time spent in this place.
 D = Time resting spent in this place.
 E = Time spent auto-exploring this place.
 F = Levels seen in this place.
 G = Mean time per level.
                   A        B        C        D        E       F      G
               +--------+--------+--------+--------+--------+-----+--------+
         Total |    776 |    776 |      0 |    648 |      3 |   1 |  776.0 |
       Dungeon |    776 |    776 |      0 |    648 |      3 |   1 |  776.0 |
               +--------+--------+--------+--------+--------+-----+--------+

Top non-repeatable levels by time:
       D: 776 daAuts
